 Dungeon Crawl Stone Soup version 0.27.1-33-g824d729ab1 (webtiles) character file.

Game seed: 10741662225859912210

237 zeram the Covert (level 6, -3/39 HPs)
             Began as an Octopode Brigand on Dec 22, 2021.
             Killed from afar by an orc wizard (9 damage)
             ... with a puff of flame
             ... on level 3 of the Dungeon.
             The game lasted 00:02:45 (1829 turns).

zeram the Covert (Octopode Brigand)                 Turns: 1829, Time: 00:02:45

Health: -3/39      AC:  1    Str: 11    XL:     6   Next: 6%
Magic:  6/6        EV: 13    Int: 15    God:
Gold:   24         SH:  0    Dex: 13    Spells: 0/5 levels left

rFire    . . .     SeeInvis .   f - +3 dagger (vamp)
rCold    . . .     Faith    .   (no shield)
rNeg     . . .     Spirit   .   (helmet restricted)
rPois    .         Reflect  .   (no amulet)
rElec    .         Harm     .   (no ring)
rCorr    .         Rampage  .   (no ring)
Will     .....                  (no ring)
Stlth    +++++.....             (no ring)
HPRegen  0.13/turn              (no ring)
MPRegen  0.10/turn              (no ring)
                                (no ring)
                                (no ring)

@: lethally poisoned (-3 -> -10)
A: almost no armour, amphibious, 8 rings, camouflage 1, gelatinous body 1,
(nimble swimmer 1), tentacles
a: no special abilities


You were on level 3 of the Dungeon.
You visited 1 branch of the dungeon, and saw 3 of its levels.

You collected 24 gold pieces.

Inventory:

Hand Weapons
 a - a +2 dagger
 f - a +3 vampiric dagger (weapon)
Missiles
 b - 39 poisoned darts (quivered)
 c - 2 curare-tipped darts
Wands
 k - a wand of iceblast (10)
Scrolls
 e - a scroll of identify
 j - a scroll of blinking {unknown}
Potions
 d - a potion of lignification
 g - a potion of might
 h - a potion of attraction
 i - a potion of degeneration {unknown}


   Skills:
 - Level 2.0 Fighting
 + Level 3.2 Short Blades
 - Level 2.0 Throwing
 + Level 1.6 Dodging
 + Level 9.0 Stealth


You couldn't memorise any spells.
You knew the following spells:

 Your Spells              Type           Power      Damage    Failure   Level
a - Fireball              Conj/Fire      0%         3d3       100%        5

Your spell library contained the following spells:

 Spells                   Type           Power      Damage    Failure   Level
 Slow                     Hex            0%         N/A       38%         2
 Confusing Touch          Hex            0%         N/A       63%         3
 Iskenderun's Battlesphe  Conj           0%         2d6       100%        5
 Yara's Violent Unravell  Hex/Tmut       0%         3d3       100%        5
 Conjure Ball Lightning   Conj/Air       0%         3x3d6     100%        6
 Orb of Destruction       Conj           0%         N/A       100%        7


Dungeon Overview and Level Annotations

Branches:
Dungeon (3/15)

Altars:


Innate Abilities, Weirdness & Mutations

You cannot wear most types of armour.
You are amphibious.
You can wear up to eight rings at the same time.
Your skin changes colour to match your surroundings (Stealth+).
Your rubbery body absorbs attacks. (AC +1, EV +1)
((You are camouflaged near water. (Stealth+)))
You have tentacles for arms and can constrict up to eight enemies at once.


Message History

You hit the endoplasm.
You kill the endoplasm!
You hit the orc.
You feel better.
Your grab misses the orc. You squeeze the orc, but do no damage.
The orc is almost dead.
The orc closely misses you.
You barely miss the orc. You grab the orc.
The orc is almost dead.
You constrict the orc.
You kill the orc!
You hit the water moccasin but do no damage.
Your grab misses the water moccasin. The water moccasin bites you!
You are poisoned.
The water moccasin poisons you!
You hit the water moccasin but do no damage.
You grab the water moccasin. You constrict the water moccasin.
You feel very sick. The water moccasin misses you.
You hit the water moccasin but do no damage.
You squeeze the water moccasin.
The water moccasin is lightly wounded.
You constrict the water moccasin.
You feel very sick. The water moccasin barely misses you.
The water moccasin bites you.
You hit the water moccasin.
The water moccasin is moderately wounded.
You constrict the water moccasin.
You feel sick. The water moccasin bites you.
You hit the water moccasin.
You feel better.
The water moccasin is severely wounded.
You constrict the water moccasin.
You feel sick. The water moccasin bites you.
* * * LOW HITPOINT WARNING * * *
You puncture the water moccasin!
The water moccasin is almost dead.
You constrict the water moccasin.
You kill the water moccasin!
* * * LOW HITPOINT WARNING * * *
You feel sick.
The orc wizard points at you and mumbles some strange words.
The puff of flame hits you!
You die...

.#
##.###+##.o...
.#
#.#....o...$.
.# #.#..S.o..#
.# #.#.......#
.# #.†.o.....#
## #..##+#####
#.oo# ########
#)#)# ........
#.#@# .....###
#.#.# .....#
#.... .....#
####.. .....#
.># .....# ###
.....# #+####


You could see an orc wizard and an orc.

Vanquished Creatures
  Sigmund (D:3)
  A water moccasin (D:3)
  A bullfrog skeleton (D:3)
  2 adders
  A worm (D:3)
  3 dart slugs
  An orc (D:3)
  4 endoplasms
  A giant cockroach (D:1)
  5 goblins
  2 hobgoblins (D:1)
  3 quokkas
  3 ball pythons
  3 bats
  2 frilled lizards
  2 kobolds
  3 rats
38 creatures vanquished.

Notes
Turn   | Place    | Note
-------+----------+-------------------------------------------
     0 | D:1      | zeram the Octopode Brigand began the quest for the Orb.
     0 | D:1      | Reached XP level 1. HP: 14/14 MP: 1/1
   138 | D:1      | Reached XP level 2. HP: 14/19 MP: 2/2
   381 | D:1      | Reached skill level 6 in Stealth
   870 | D:1      | Found a faded altar of an unknown god.
   972 | D:2      | Reached XP level 3. HP: 24/24 MP: 3/3
  1505 | D:3      | Reached skill level 7 in Stealth
  1505 | D:3      | Reached XP level 4. HP: 28/29 MP: 4/4
  1556 | D:3      | Noticed Sigmund
  1567 | D:3      | Killed Sigmund
  1568 | D:3      | Reached skill level 8 in Stealth
  1568 | D:3      | Reached XP level 5. HP: 34/34 MP: 5/5
  1613 | D:3      | Reached XP level 6. HP: 39/39 MP: 6/6
  1619 | D:3      | Learned a level 5 spell: Fireball
  1808 | D:3      | Reached skill level 9 in Stealth
  1810 | D:3      | Noticed a water moccasin
  1829 | D:3      | Killed a water moccasin
  1829 | D:3      | Killed from afar by an orc wizard

Illustrated notes

Levels and vault maps discovered:
D:1:      sevenhm_arrival_forest_fort_large_2, layout_rooms,
          hellmonk_ecumenical_altar_leap_of_faith, serial_rivers,
          chequers_serial_rivers_small_a, chequers_serial_rivers_micro_e,
          chequers_serial_rivers_marsh, chequers_serial_rivers_large_b
D:2:      layout_basic
D:3:      layout_basic, mainiacjoe_overflow_24_doors, uniq_grinder, uniq_sigmund

Skill      XL: |  1  2  3  4  5  6 |
---------------+-------------------+-----
Stealth        | 6 7 8 9 |  9.0
Short Blades   | 3 |  3.2
Fighting       | |  2.0
Throwing       | |  2.0
Dodging        | |  1.6

Action                   |  1- 3 |  4- 6 || total
-------------------------+-------+-------++-------
Melee: Dagger            |    47 |    31 ||    78
       Tentacles         |     7 |     6 ||    13
       Constrict         |     6 |     5 ||    11
  Use: Scroll            |     4 |       ||     4
 Stab: Sleeping          |    17 |     2 ||    19
Armor: Skin              |     3 |       ||     3
Dodge: Dodged            |    22 |    12 ||    34
